 Dungeon Crawl Stone Soup version 0.29-a0-824-gd827844252 (webtiles) character file.

Game seed: 3011664591649437639

100 HoaS the Shooter (level 4, -9/26 HPs)
             Began as a Tengu Hunter on July 9, 2022.
             Mangled by an orc wizard
             ... wielding a +0 dagger of electrocution
              (16 damage)
             ... on level 3 of the Dungeon.
             The game lasted 00:03:24 (1838 turns).

HoaS the Shooter (Tengu Hunter)                     Turns: 1838, Time: 00:03:25

Health: -9/26      AC:  5    Str: 12    XL:     4   Next: 74%
Magic:  5/5        EV: 12    Int:  9    God:
Gold:   149        SH:  0    Dex: 19    Spells: 3/3 levels left

rFire   . . .      SeeInvis .   a - +0 shortbow
rCold   . . .      Faith    .   (shield currently unavailable)
rNeg    . . .      Spirit   .   c - +1 leather armour
rPois   .          Reflect  .   (helmet restricted)
rElec   .          Harm     .   j - +0 cloak
rCorr   .          Rampage  .   (no gloves)
Will    .....                   (boots unavailable)
Stlth   ++........              (no amulet)
HPRegen 0.08/turn               (no ring)
MPRegen 0.09/turn               (no ring)

@: no status effects
A: beak, talons 3
a: no special abilities


You were on level 3 of the Dungeon.
You visited 1 branch of the dungeon, and saw 3 of its levels.

You collected 149 gold pieces.

Inventory:

Hand Weapons
 a - a +0 shortbow (weapon)
Armour
 c - a +1 leather armour (worn)
 d - a +3 chain mail of willpower
 j - a +0 cloak (worn)
Scrolls
 b - a scroll of immolation
 o - 2 scrolls of noise
Potions
 e - a potion of cancellation {unknown}
 f - 2 potions of haste {unknown}
 g - 2 potions of curing
 h - 2 potions of might {unknown}
 l - a potion of lignification {unknown}
 n - a potion of brilliance {unknown}


   Skills:
 - Level 2.0 Fighting
 * Level 6.5 Ranged Weapons
 - Level 2.1 Dodging
 - Level 1.0 Stealth


You had 3 spell levels left.
You didn't know any spells.
Your spell library contained the following spells:

 Spells                   Type           Power      Damage    Failure   Level
 Apportation              Tloc           0%         N/A       45%         1
 Summon Small Mammal      Summ           0%         N/A       45%         1
 Call Canine Familiar     Summ           0%         N/A       83%         3
 Confusing Touch          Hex            0%         N/A       83%         3
 Summon Guardian Golem    Hex/Summ       0%         N/A       83%         3
 Alistair's Intoxication  Tmut/Pois      0%         N/A       100%        5
 Yara's Violent Unravell  Hex/Tmut       0%         3d3       100%        5
 Enfeeble                 Hex            0%         N/A       100%        7


Dungeon Overview and Level Annotations

Branches:
Dungeon (3/15)

Altars:


Innate Abilities, Weirdness & Mutations

You have a beak for a mouth.
You have claws for feet.


Message History

The orc wizard hits you but does no damage.
Unknown command.
You feel better.
The orc wizard casts a spell.
The orc wizard flickers and vanishes!
Deactivating autopickup; reactivate with Ctrl-A.
Fire: a) +0 shortbow
Press: ? - help, Q - select action Shift-Dir - straight line You shoot an arrow.
Something barely misses you.
Fire: a) +0 shortbow
Press: ? - help, Q - select action Shift-Dir - straight line You shoot an arrow.
Something hits you.
You are electrocuted!
Fire: a) +0 shortbow
Press: ? - help, Q - select action Shift-Dir - straight line You shoot an arrow.
Something hits you but does no damage.
Fire: a) +0 shortbow
Press: ? - help, Q - select action Shift-Dir - straight line You shoot an arrow.
Something hits you.
* * * LOW HITPOINT WARNING * * *
Fire: a) +0 shortbow
Press: ? - help, Q - select action Shift-Dir - straight line You shoot an arrow.
You hear some strange, mumbled words.
You are confused.
Something hits you.
* * * LOW HITPOINT WARNING * * *
You feel better.
You hear some strange, mumbled words.
A puff of flame appears from out of thin air!
The puff of flame hits you!
Fire: a) +0 shortbow
Press: ? - help, Q - select action Shift-Dir - straight line You shoot an arrow.
Something hits you.
You are electrocuted!
Ouch! That really hurt!
You die...

*,,,,***,,****,**********,****
*,,,,* **,*#.,,* **,,,,* ,,,,,*
*,,,,.##*########.,**,*
*,,,,***,*,,,..##...#....***,***
*,*,,,,,,##*##...........***,,,*
*,∩,***,,...,..........).,****,*
*,*,,,,,,....##..........,* *,*
*,,,,,,,,..............).,****,**
**,,,,,****,#...@{..†)<..*,,,,,,,
**,,,,*****,#.##....#...#*,,,,,,,
,,,,,,* *∩,,,,*#...##***#*,,,,,,,
,,,,,** *,,,,,*###..?,,***,,,,,,,
,,,*,****,,,,,* *####,,,,,,,,,,,
,,,,,,,**,,,,,* *****,,,,,,*
****,,,,,,,,,,***** *,,,,,,*
*****,,,,,,*,,,* *,,,,,,*
*,,,,,,,,,,* *,,,,,,*


There were no monsters in sight!

Vanquished Creatures
  Terence (D:3)
  An adder (D:2)
  2 worms (D:2)
  3 dart slugs
  3 orcs (D:3)
  5 ball pythons
  6 endoplasms
  2 giant cockroaches (D:2)
  5 hobgoblins
  2 kobolds
  2 quokkas (D:2)
  5 bats
  A frilled lizard (D:2)
  7 goblins
  3 rats (D:2)
48 creatures vanquished.

Notes
Turn   | Place    | Note
-------+----------+-------------------------------------------
     0 | D:1      | HoaS the Tengu Hunter began the quest for the Orb.
     0 | D:1      | Reached XP level 1. HP: 12/12 MP: 2/2
    55 | D:1      | Reached XP level 2. HP: 14/17 MP: 3/3
   205 | D:1      | Reached skill level 5 in Ranged Weapons
   524 | D:1      | Reached XP level 3. HP: 21/21 MP: 4/4
  1201 | D:2      | Reached skill level 6 in Ranged Weapons
  1207 | D:2      | Reached XP level 4. HP: 7/26 MP: 5/5
  1640 | D:3      | Noticed Terence
  1648 | D:3      | Killed Terence
  1838 | D:3      | Mangled by an orc wizard

Illustrated notes

Levels and vault maps discovered:
D:1:      spicycebolla_arrival_ecumenical, layout_loops_ring
D:2:      minmay_diamond_boxcup, layout_rooms, minmay_tetromino_s4
D:3:      layout_rooms, lemuel_doored_altar, serial_shops,
          nicolae_lakefront_shop, shop, nicolae_shop_behind_doors,
          nicolae_shop_trees, uniq_terence

Skill      XL: |  1  2  3 |
---------------+----------+-----
Ranged Weapons | 5 6 |  6.5
Fighting       | |  2.0
Dodging        | |  2.1
Stealth        | |  1.0

Action                   |  1- 3 |  4- 6 || total
-------------------------+-------+-------++-------
 Fire: Shortbow          |    79 |    47 ||   126
  Use: Scroll            |     2 |     5 ||     7
       Potion            |       |     2 ||     2
Armor: Leather armour    |    19 |     5 ||    24
Dodge: Dodged            |    24 |     6 ||    30

Table legend: (Time is in decaauts)
 A = Elapsed time spent in this place.
 B = Non-inter-level travel time spent in this place.
 C = Inter-level travel time spent in this place.
 D = Time resting spent in this place.
 E = Time spent auto-exploring this place.
 F = Levels seen in this place.
 G = Mean time per level.
                   A        B        C        D        E       F      G
               +--------+--------+--------+--------+--------+-----+--------+
         Total |   1869 |   1815 |     54 |    487 |   1050 |   3 |  623.0 |
       Dungeon |   1869 |   1815 |     54 |    487 |   1050 |   3 |  623.0 |
               +--------+--------+--------+--------+--------+-----+--------+

Top non-repeatable levels by time:
     D:2: 1012 daAuts
     D:1: 766 daAuts
     D:3: 90 daAuts
